Map: 바니 연구소 (공허의 유산)

Players

Maru

  • Race: Terran Terran
  • League: Master
  • Spawn Location: 6:00

Forte - Winner!

  • Race: Terran Terran
  • League: Master
  • Spawn Location: 12:00

VOD

Have the link to the VOD?

Description

Time

  • Played on: Nov. 27, 2016, 4:54 a.m.
  • Length: 8:45
Show
View Real Time Build Order
Export as new Build Order

Maru Terran 

Build Orders: 1/1/1, Cyclone Opening 

Get SALT Encoding   

  12  0:00  SCV  
  13  0:12  SCV  
  14  0:18  Supply Depot  
  14  0:24  SCV  
  15  0:29  Refinery  
  15  0:40  SCV  
  16  0:47  Barracks  
  16  0:52  SCV  
  16  0:56  Refinery  
  17  1:04  SCV  
  18  1:16  SCV  
  19  1:33  Orbital Command  
  19  1:35  Factory  
  19  1:37  Reaper  
  20  1:48  Supply Depot  
  20  1:59  SCV  
  21  2:09  Reaper  
  21  2:11  SCV  
  23  2:21  Starport  
  25  2:23  SCV  
  25  2:28  Supply Depot  
  26  2:31  Cyclone  
  27  2:38  SCV  
  27  2:48  Barracks Tech Lab  
  27  2:50  SCV  
  28  3:01  Supply Depot  
  28  3:03  SCV  
  29  3:16  Cloaking Field, SCV  
  29  3:17  Banshee  
  33  3:28  SCV  
  33  3:34  Command Center  
  34  3:37  Barracks Reactor  
  34  3:38  Factory Tech Lab  
  33  3:49  SCV  
  29  3:58  Cyclone  
  29  4:00  Viking  
  29  4:02  SCV  
  35  4:13  Marine x2  
  35  4:15  SCV  
  38  4:29  Raven  
  40  4:31  Marine x2  
  40  4:33  SCV  
  42  4:45  SCV  
  42  4:49  Marine  
  42  4:51  Orbital Command  
  38  4:55  Siege Tank  
  38  4:57  SCV  
  37  5:00  Marine  
  33  5:09  SCV  
  32  5:19  SCV  
  33  5:22  SCV  
  33  5:25  Marine x2  
  36  5:31  SCV  
  37  5:36  SCV  
  38  5:44  Siege Tank  
  38  5:45  SCV  
  38  5:48  SCV  
  43  5:57  SCV  
  43  6:00  SCV  
  43  6:01  Banshee  
  45  6:10  SCV  
  46  6:12  SCV  
  46  6:16  Siege Tank  
  50  6:22  SCV  
  50  6:23  Refinery x2  
  50  6:24  SCV  
  49  6:34  SCV  
  49  6:36  SCV  
  51  6:46  SCV  
  52  6:48  SCV  
  52  6:53  Viking x2  
  57  6:55  Siege Tank  
  57  6:58  SCV  
  57  6:59  Supply Depot  
  57  7:01  SCV  
  62  7:14  Engineering Bay  
  62  7:20  SCV x2, Marine  
  62  7:21  Supply Depot  
  65  7:23  Viking x2  
  67  7:32  SCV  
  67  7:35  SCV  
  69  7:45  SCV  
  69  7:47  SCV  
  71  7:53  Viking x2  
  71  7:57  SCV  
  76  7:59  SCV  
  76  8:02  Supply Depot x2  
  77  8:09  SCV  
  77  8:11  Missile Turret  
  77  8:12  Missile Turret  
  78  8:23  SCV x2  
Show
View Real Time Build Order
Export as new Build Order

Forte Terran - Winner!

Build Orders: 1/1/1, Banshee Rush 

Get SALT Encoding   

  12  0:00  SCV  
  13  0:12  SCV  
  14  0:18  Supply Depot  
  14  0:24  SCV  
  15  0:29  Refinery  
  15  0:40  SCV  
  16  0:45  Barracks  
  16  0:52  SCV  
  16  0:55  Refinery  
  17  1:04  SCV  
  18  1:16  SCV  
  19  1:32  Orbital Command, Reaper  
  20  1:36  Factory  
  20  1:50  Supply Depot  
  20  1:58  SCV  
  21  2:05  Reaper  
  22  2:10  SCV  
  23  2:20  Hellion  
  23  2:22  Starport  
  25  2:23  SCV  
  26  2:35  SCV  
  27  2:39  Barracks Tech Lab  
  27  2:42  Hellion  
  29  2:48  Supply Depot, SCV  
  30  3:00  SCV  
  31  3:07  Cloaking Field  
  31  3:09  Banshee  
  34  3:13  Cyclone  
  34  3:15  Supply Depot  
  34  3:19  Barracks Reactor  
  37  3:24  SCV  
  38  3:47  Command Center  
  35  3:49  SCV  
  35  3:52  Raven  
  37  3:59  Engineering Bay  
  37  4:07  Cyclone  
  40  4:10  SCV  
  40  4:14  Marine x2  
  43  4:20  Supply Depot  
  43  4:22  SCV  
  44  4:27  Missile Turret  
  44  4:35  SCV  
  44  4:47  SCV  
  44  4:49  Marine x2  
  48  5:00  SCV  
  48  5:02  Banshee, Factory Tech Lab  
  48  5:06  Supply Depot  
  51  5:12  SCV  
  51  5:14  Marine x2  
  51  5:24  SCV  
  51  5:25  Orbital Command  
  51  5:27  Siege Tank, Missile Turret  
  55  5:37  SCV  
  56  5:49  SCV  
  55  5:59  SCV  
  55  6:01  SCV  
  56  6:04  Refinery, Command Center  
  56  6:05  Refinery  
  56  6:11  Viking x2  
  60  6:13  Stimpack, SCV  
  61  6:20  SCV  
  61  6:25  SCV  
  63  6:27  Siege Tank  
  66  6:32  SCV  
  66  6:37  Engineering Bay, SCV  
  66  6:38  Supply Depot  
  68  6:46  Viking x2  
  72  6:48  SCV  
  72  6:50  SCV  
  74  7:00  Barracks  
  74  7:01  Barracks  
  74  7:08  SCV x2  
  76  7:16  Orbital Command  
  79  7:25  Marine  
  77  7:30  Siege Tank, Viking  
  77  7:31  Viking  
  77  7:33  SCV  
  77  7:34  SCV  
  86  7:38  Supply Depot  
  86  7:49  SCV x3  
  86  7:50  Barracks Reactor x2  
  89  7:55  Barracks  
  89  7:56  Barracks  
  89  8:00  Supply Depot  
  89  8:02  Siege Tank  
  92  8:08  Viking x2  
  92  8:11  SCV x2  
  92  8:12  SCV  
  99  8:17  Refinery  
  99  8:18  Refinery, Supply Depot  
  99  8:23  Armory  
  99  8:25  SCV x3  
Tags
 
Add a new tag
Caveats
  • Supply blocks, unpowered buildings, or Contaminate may cause inaccurate times.
  • Supply counts are checked every 10 seconds.